 Dungeon Crawl Stone Soup version 0.20-a0-16-g0876c8e (webtiles) character file.

397 JeffiDaFish the Shield-Bearer (level 6, -1/39 HPs)
             Began as a Gargoyle Fighter on Nov 3, 2016.
             Slain by an ogre
             ... wielding a +0 giant spiked club
              (27 damage)
             ... on level 4 of the Dungeon.
             The game lasted 00:09:24 (3060 turns).

JeffiDaFish the Shield-Bearer (Gargoyle Fighter)    Turns: 3060, Time: 00:09:25

Health: -1/39      AC: 11    Str: 21    XL:     6   Next: 83%
Magic:  7/7        EV:  8    Int:  9    God:
Gold:   207        SH:  9    Dex:  9    Spells: 1 memorised, 6 levels left

rFire  . . .     SeeInvis .     a - +1 flail
rCold  . . .     Gourm    .     b - +0 scale mail
rNeg   + . .     Faith    .     c - +0 shield
rPois  ∞         Spirit   .     (no helmet)
rElec  +         Reflect  .     (no cloak)
rCorr  .         Harm     .     (no gloves)
MR     .....                    (no boots)
Stlth  ..........               (no amulet)
                                (no ring)
                                (no ring)

@: no status effects
A: negative energy resistance 1, electricity resistance, unbreathing,
petrification resistance, rot immunity, AC +4
a: no special abilities


You were on level 4 of the Dungeon.
You were not hungry.

You visited 1 branch of the dungeon, and saw 4 of its levels.

You collected 207 gold pieces.

Inventory:

Hand Weapons
 a - a +1 flail (weapon)
Armour
 b - a +0 scale mail (worn)
 c - a +0 shield (worn)
Scrolls
 e - 5 scrolls of recharging
 h - 3 scrolls of identify
 j - a scroll of magic mapping
 m - a scroll of remove curse
Potions
 d - a potion of might
 i - 2 potions of curing
Books
 l - a book of Conjurations

   Spells                             Type                      Level
   a - Magic Dart                     Conjuration                  1
   b - Searing Ray                    Conjuration                  2
   c - Dazzling Spray                 Conjuration/Hexes            3
   d - Fulminant Prism                Conjuration/Hexes            4
   e - Iskenderun's Mystic Blast      Conjuration                  4
   f - Iskenderun's Battlesphere      Conjuration/Charms           5
Comestibles
 f - 2 bread rations
 g - a meat ration
 k - 5 chunks of flesh


   Skills:
 * Level 4.4 Fighting
 * Level 4.0 Maces & Flails
 * Level 4.6 Armour
 - Level 0.7 Dodging
 * Level 4.7 Shields
 + Level 1.2 Spellcasting
 + Level 1.0 Conjurations


You had 6 spell levels left.
You knew the following spells:

 Your Spells              Type           Power        Failure   Level  Hunger
a - Magic Dart            Conj           #...         100%        1    ##.....


Dungeon Overview and Level Annotations

Branches:
Dungeon (4/15)
 Temple: D:4-7

Altars:
Okawaru


Innate Abilities, Weirdness & Mutations

You are resistant to torment.
Your stone body is resilient. (AC +4)
You are immune to poison.
You resist negative energy. (rN+)
You are resistant to electric shocks. (rElec)
You can survive without breathing.
You are immune to petrification.
You are immune to rotting.


Message History

The jackal bites you but does no damage.
You thump the jackal!
You kill the jackal!
You barely miss the ogre. The ogre closely misses you.
Your shield prevents you from hitting the ogre.
The ogre hits you with a giant spiked club!
You barely miss the ogre. The ogre closely misses you.
Your shield and scale mail prevent you from hitting the ogre.
You block the ogre's attack.
You thump the ogre!
The ogre is moderately wounded.
You block the ogre's attack.
You hit the ogre.
The ogre is moderately wounded.
You block the ogre's attack.
You sock the ogre!
The ogre is severely wounded.
The ogre hits you with a giant spiked club!!
Ouch! That really hurt!
You die...

###############
########.......##.....
#...O@...#####.##.####
#.####..## #.##.####
#..# #........ ...$#
####.##.# #.##.#
#.##.# #. #.# #..... .
..# #.##.# ## >##
#.##.# #.....


You could see an ogre.

Vanquished Creatures
  The ghost of TheSilverBeluga the Firebug, an amateur DEFE (D:3)
  A crimson imp (D:3)
  An orc priest (D:3)
  An orc wizard (D:3)
  7 adders
  5 gnolls
  An ooze (D:1)
  A worm (D:2)
  2 dart slugs (D:1)
  A leopard gecko (D:2)
  6 orcs (D:3)
  4 bats
  5 giant cockroaches
  11 goblins
  11 hobgoblins
  6 jackals
  A quokka (D:2)
  2 ball pythons (D:2)
  7 frilled lizards
  8 kobolds
  A rat (D:2)
83 creatures vanquished.

Notes
Turn   | Place    | Note
-------+----------+-------------------------------------------
     0 | D:1      | JeffiDaFish the Gargoyle Fighter began the quest for the Orb.
     0 | D:1      | Reached XP level 1. HP: 14/14 MP: 1/1
    64 | D:1      | Reached XP level 2. HP: 13/19 MP: 2/2
   383 | D:1      | Reached XP level 3. HP: 21/23 MP: 3/3
  1198 | D:2      | Reached XP level 4. HP: 29/29 MP: 4/4
  1508 | D:2      | Found an iron altar of Okawaru.
  1736 | D:2      | Reached XP level 5. HP: 32/33 MP: 5/5
  1774 | D:3      | Learned a level 1 spell: Magic Dart
  2239 | D:3      | Reached XP level 6. HP: 34/38 MP: 7/7
  2251 | D:3      | Noticed TheSilverBeluga's ghost (amateur DEFE)
  2259 | D:3      | Killed TheSilverBeluga's ghost
  2259 | D:3      | Reached skill level 1 in Spellcasting
  2259 | D:3      | Reached skill level 1 in Conjurations
  3060 | D:4      | Slain by an ogre

Vault maps used:
D:1:      dpeg_arrival_renting, corexii_corridor_pit, grunt_decor_fettered
D:2:      serial_corexii_hall, corexii_hall_statues_s, corexii_hall_statues_u,
          corexii_hall_statues_s, corexii_hall_statues_t, grunt_ministairs_8,
          okawaru_altar_gauntlet_db

Skill      XL: |  1  2  3  4  5  6 |
---------------+-------------------+-----
Shields        | 4 |  4.7
Fighting       | 4 |  4.4
Maces & Flails | 3 4 |  4.0
Armour         | 4 |  4.6
Spellcasting   | 1 |  1.2
Conjurations   | 1 |  1.0
Dodging        | |  0.7

Action                   |  1- 3 |  4- 6 || total
-------------------------+-------+-------++-------
Melee: Flail             |   114 |   244 ||   358
Throw: Stone             |       |    27 ||    27
  Use: Potion            |     6 |       ||     6
       Scroll            |     5 |     2 ||     7
  Eat: Chunk             |     1 |     7 ||     8
Armor: Scale mail        |    61 |   105 ||   166
Dodge: Dodged            |    22 |    85 ||   107
Block: Shield            |    47 |   122 ||   169
